Blues vs Senators

Created - Wednesday, March 02, 2016 at 02:51

Goals
1 2 3 T
Blues 3 0 2 5
Senators 1 1 1 3
Shots
1 2 3 T
Blues 12 10 10 32
Senators 9 6 10 25

1st period

1. Senators , Zack Kassian 3 (Jonathan Toews) at 10:20
2. Blues , Rick Nash 40 (Sean Couturier) at 11:48 (PP)
3. Blues , Rick Nash 41 (Artem Anisimov, Mark Stone) at 17:09 (PP)
4. Blues , Ryan Ellis 9 (Rick Nash, Mark Stone) at 17:43 (PP)

Penalties :
Josh Gorges (StL) for Hooking (Minor) at 0:58, Sean Couturier (StL) for Holding (Minor) at 2:47, Ryan Ellis (StL) for Holding (Minor) at 8:51, Jarome Iginla (Ott) for Holding (Minor) at 10:12, Connor Murphy (Ott) for Holding Stick (Minor) at 13:44, Jarome Iginla (Ott) for Boarding (Major) at 15:09

2nd period

5. Senators , Jarome Iginla 30 (Loui Eriksson, Zach Bogosian) at 10:17 (PP)

Penalties :
Kyle Chipchura (Ott) for Hooking (Minor) at 1:43, Jonathan Toews (Ott) for Hooking (Minor) at 5:58, Jeremy Morin (StL) for Hooking (Minor) at 9:18, Johan Franzen (StL) for Hooking (Minor) at 11:34, Zach Bogosian (Ott) for Hooking (Minor) at 16:22

3rd period

6. Blues , Tomas Tatar 30 (Anders Lee, Artem Anisimov) at 2:21 (PP)
7. Blues , Mark Stone 24 (Rick Nash, Sean Couturier) at 3:18 (PP)
8. Senators , Phil Kessel 41 (Jared Cowen) at 6:20

Penalties :
Jared Cowen (Ott) for Tripping (Minor) at 2:08, Dion Phaneuf (Ott) for Interference (Minor) at 2:40, Kris Letang (StL) for Hooking (Minor) at 7:26, Zdeno Chara (StL) for Hooking (Minor) at 10:53, John-Michael Liles (Ott) for Hooking (Minor) at 16:17, Johan Franzen (StL) for Hooking (Minor) at 18:56

Goalie Stats

Henrik Lundqvist (StL), 22 saves from 25 shots - (0.880), W, 36-17-6, 60:00 minutes
Steve Mason (Ott), 27 saves from 32 shots - (0.844), L, 30-19-7, 60:00 minutes

Players Stats for Blues

Player Name              G  A  P  +/- PIM S  H  SB GA TA FO     MP     PP MP  PK MP  
------------------------------------------------------------------------------------
Anders Lee               0  1  1  -1  0   3  3  0  0  1  6/18   18:05   8:18   0:00 
Artem Anisimov           0  2  2   0  0   2  2  0  0  0  4/13   21:07   7:49   6:24 
Brandon Saad             0  0  0  -1  0   0  2  0  1  1  1/1    21:39   8:18   6:24 
Cam Atkinson             0  0  0   0  0   3  0  0  0  0  0/1    16:20   8:20   0:00 
Hampus Lindholm          0  0  0  -1  0   0  1  2  0  3  0/0    14:36   0:00   6:14 
Jeremy Morin             0  0  0   0  2   0  0  1  0  0  0/0     5:49   0:00   0:00 
Johan Franzen            0  0  0   0  4   3  0  0  1  1  1/1     9:24   0:00   0:00 
Josh Gorges              0  0  0  -1  2   1  2  1  0  2  0/0    15:19   0:00   5:23 
Kevan Miller             0  0  0   0  0   0  0  0  0  0  0/0     1:35   0:00   0:00 
Kris Letang              0  0  0  -1  2   3  3  2  1  1  0/0    26:50   7:49   6:27 
Mark Fayne               0  0  0  -1  0   1  0  0  0  3  0/0     8:25   0:16   0:00 
Mark Stone               1  2  3  -1  0   5  2  0  2  2  0/1    18:36   7:51   0:42 
Rick Nash                2  2  4  -1  0   6  1  0  2  0  1/1    23:45   7:35   6:29 
Ryan Ellis               1  0  1   0  2   1  3  2  0  0  0/0    19:15   8:36   1:56 
Scott Laughton           0  0  0   0  0   1  0  0  1  0  0/3     6:05   0:00   0:15 
Sean Couturier           0  2  2  -1  2   0  3  1  1  2  10/18  23:02   7:35   5:46 
Tomas Tatar              1  0  1   0  0   3  1  1  6  0  0/0    18:51   8:18   0:00 
Zdeno Chara              0  0  0   0  2   0  1  0  0  1  0/0    17:13   0:00   6:21 

Players Stats for Senators

Player Name              G  A  P  +/- PIM S  H  SB GA TA FO     MP     PP MP  PK MP  
------------------------------------------------------------------------------------
Boone Jenner             0  0  0   1  0   0  1  1  1  0  1/2    17:34   6:14   2:02 
Connor Murphy            0  0  0   0  2   0  0  1  0  0  0/0    11:22   0:00   2:27 
Dave Bolland             0  0  0   0  0   4  2  0  2  0  6/11   15:47   0:00   5:11 
Dion Phaneuf             0  0  0   1  2   1  0  0  0  1  0/0    27:56   6:13  10:05 
Jared Cowen              0  1  1   1  2   1  2  2  0  0  0/0    22:28   6:55   5:26 
Jarome Iginla            1  0  1   0  7   2  1  0  4  0  1/3    20:55   6:53   7:00 
John-Michael Liles       0  0  0   0  2   2  0  0  0  0  0/0     8:55   0:00   0:00 
Johnny Oduya             0  0  0   1  0   1  2  1  0  2  0/0    22:29   6:55   5:26 
Jonathan Toews           0  1  1   1  2   3  2  2  2  0  14/21  25:18   6:54   7:40 
Kyle Chipchura           0  0  0   0  2   3  0  0  2  0  0/0    10:01   0:00   0:00 
Kyle Turris              0  0  0   1  0   0  0  0  2  0  12/18  20:23   6:14   4:21 
Loui Eriksson            0  1  1   0  0   2  1  0  0  0  0/1    12:46   6:54   0:00 
Michael Grabner          0  0  0   0  0   1  0  0  3  0  0/1     9:48   0:00   0:00 
Phil Kessel              1  0  1   1  0   1  0  0  5  0  0/0    20:23   6:14   4:21 
Tomas Jurco              0  0  0   0  0   1  0  1  1  0  0/0     3:27   0:00   0:00 
Valeri Nichushkin        0  0  0   0  0   0  0  0  1  0  0/0     3:46   0:00   0:19 
Zach Bogosian            0  1  1   1  2   2  2  1  0  0  0/0    27:26   6:13   9:27 
Zack Kassian             1  0  1   1  0   1  0  1  0  1  0/0     1:46   0:00   0:16 

3 Stars

1 - Rick Nash (StL)
2 - Mark Stone (StL)
3 - Zack Kassian (Ott)

Power Play

Blues - 5 on 11 Attempt(s) - 45.45%
Senators - 1 on 8 Attempt(s) - 12.50%

Penalty Kill

Blues - 7 on 8 Attempt(s) - 87.50% - Score 0 goal in Penalty Kill
Senators - 6 on 11 Attempt(s) - 54.55% - Score 0 goal in Penalty Kill

Team Stat

Blues - Hits : 24 - Faceoff Wins : 23 - Blocked Shots : 10 - Penalty Minutes : 16
Senators - Hits : 13 - Faceoff Wins : 34 - Blocked Shots : 10 - Penalty Minutes : 21

Official

Referees : Unknown
Linesman : Unknown

Game Notes

10:17 of 2nd period - Senators goal is going for a video replay. After video review, Goal.

Finance

Level 1 -- Attendance: 5182 (86.37%) -- Ticket Income $440,470
Level 2 -- Attendance: 4509 (90.18%) -- Ticket Income $234,468
Level 3 -- Attendance: 2000 (100.00%) -- Ticket Income $62,000
Level 4 -- Attendance: 3734 (93.35%) -- Ticket Income $63,478
Luxury Box -- Attendance: 1000 (100.00%) -- Ticket Income $175,000
Game was played at the Scotiabank Place.
Total Attendance: 16425 (91.25%)
Total Ticket Income: $975,416
Other Income: $477,954
Total Income: $1,453,370

Blues

5 vs 5 Forward 
   Center                   Left Wing                Right Wing               Time % Phy DF OF 
 1 Sean Couturier           Rick Nash                Mark Stone               32     0   2  3  
 2 Artem Anisimov           Tomas Tatar              Brandon Saad             32     0   2  3  
 3 Anders Lee               Johan Franzen            Cam Atkinson             22     0   2  3  
 4 Scott Laughton           Tomas Tatar              Jeremy Morin             14     0   2  3  

5 vs 5 Defense 
   Defense                  Defense                                           Time % Phy DF OF 
 1 Zdeno Chara              Kris Letang                                       33     0   3  2  
 2 Josh Gorges              Hampus Lindholm                                   31     0   3  2  
 3 Mark Fayne               Ryan Ellis                                        24     0   3  2  
 4 Kevan Miller             Josh Gorges                                       12     0   3  2  

PowerPlay Forward 
   Center                   Left Wing                Right Wing               Time % Phy DF OF 
 1 Sean Couturier           Rick Nash                Mark Stone               50     0   1  4  
 2 Anders Lee               Tomas Tatar              Brandon Saad             50     0   1  4  

PowerPlay Defense
   Defense                  Defense                                           Time % Phy DF OF 
 1 Artem Anisimov           Kris Letang                                       50     0   1  4  
 2 Cam Atkinson             Ryan Ellis                                        50     0   1  4  

Penalty Kill 4 Players Forward 
   Center                   Wing                     Time % Phy DF OF 
 1 Sean Couturier           Rick Nash                50     1   4  0  
 2 Artem Anisimov           Brandon Saad             50     1   4  0  

Penalty Kill 4 Players Defense
   Defense                  Defense                  Time % Phy DF OF 
 1 Zdeno Chara              Kris Letang              50     1   4  0  
 2 Josh Gorges              Hampus Lindholm          50     1   4  0  

Penalty Kill - 3 Players Forward 
   Forward                                           Time % Phy DF OF 
 1 Sean Couturier                                    50     1   4  0  
 2 Scott Laughton                                    50     1   4  0  

Penalty Kill - 3 Players Defense
   Defense                  Defense                  Time % Phy DF OF 
 1 Zdeno Chara              Kris Letang              50     1   4  0  
 2 Josh Gorges              Hampus Lindholm          50     1   4  0  

4 vs 4 Forward 
   Center                   Wing                     Time % Phy DF OF 
 1 Artem Anisimov           Mark Stone               50     1   2  2  
 2 Anders Lee               Brandon Saad             50     1   2  2  

4 vs 4 Defense
   Defense                  Defense                  Time % Phy DF OF 
 1 Mark Fayne               Kris Letang              50     1   2  2  
 2 Josh Gorges              Hampus Lindholm          50     1   2  2  

Last Minutes Offensive
   Center                   Left Wing                Right Wing               Defense                  Defense                  
   Sean Couturier           Rick Nash                Brandon Saad             Zdeno Chara              Kris Letang              

Last Minutes Defensive
   Center                   Left Wing                Right Wing               Defense                  Defense                  
   Sean Couturier           Rick Nash                Brandon Saad             Zdeno Chara              Kris Letang              

Goaltenders
Starting : Henrik Lundqvist         
Backup : Frederik Andersen        

Extra Forwards
Normal : Johan Franzen, Scott Laughton, Anders Lee - PP : Tomas Tatar, Cam Atkinson - PK : Mark Stone
Extra Defensemen
Normal : Mark Fayne, Ryan Ellis, Kevan Miller - PP : Mark Fayne - PK : Ryan Ellis, Kevan Miller
Penalty Shots
Rick Nash, Jeremy Morin, Kris Letang, Tomas Tatar, Cam Atkinson

Senators

5 vs 5 Forward 
   Center                   Left Wing                Right Wing               Time % Phy DF OF 
 1 Jonathan Toews           Loui Eriksson            Jarome Iginla            35     1   2  2  
 2 Kyle Turris              Boone Jenner             Phil Kessel              30     1   2  2  
 3 Dave Bolland             Michael Grabner          Kyle Chipchura           22     1   2  2  
 4 Jonathan Toews           Tomas Jurco              Valeri Nichushkin        13     1   2  2  

5 vs 5 Defense 
   Defense                  Defense                                           Time % Phy DF OF 
 1 Dion Phaneuf             Zach Bogosian                                     35     1   2  2  
 2 Jared Cowen              Johnny Oduya                                      30     1   2  2  
 3 John-Michael Liles       Connor Murphy                                     22     1   2  2  
 4 Dion Phaneuf             Zach Bogosian                                     13     1   2  2  

PowerPlay Forward 
   Center                   Left Wing                Right Wing               Time % Phy DF OF 
 1 Jonathan Toews           Loui Eriksson            Jarome Iginla            60     1   2  2  
 2 Kyle Turris              Boone Jenner             Phil Kessel              40     1   2  2  

PowerPlay Defense
   Defense                  Defense                                           Time % Phy DF OF 
 1 Dion Phaneuf             Zach Bogosian                                     60     1   2  2  
 2 Jared Cowen              Johnny Oduya                                      40     1   2  2  

Penalty Kill 4 Players Forward 
   Center                   Wing                     Time % Phy DF OF 
 1 Jonathan Toews           Jarome Iginla            60     1   2  2  
 2 Kyle Turris              Phil Kessel              40     1   2  2  

Penalty Kill 4 Players Defense
   Defense                  Defense                  Time % Phy DF OF 
 1 Dion Phaneuf             Zach Bogosian            60     1   2  2  
 2 Jared Cowen              Johnny Oduya             40     1   2  2  

Penalty Kill - 3 Players Forward 
   Forward                                           Time % Phy DF OF 
 1 Jonathan Toews                                    60     1   2  2  
 2 Jarome Iginla                                     40     1   2  2  

Penalty Kill - 3 Players Defense
   Defense                  Defense                  Time % Phy DF OF 
 1 Dion Phaneuf             Zach Bogosian            60     1   2  2  
 2 Jared Cowen              Johnny Oduya             40     1   2  2  

4 vs 4 Forward 
   Center                   Wing                     Time % Phy DF OF 
 1 Jonathan Toews           Jarome Iginla            60     1   2  2  
 2 Kyle Turris              Phil Kessel              40     1   2  2  

4 vs 4 Defense
   Defense                  Defense                  Time % Phy DF OF 
 1 Dion Phaneuf             Zach Bogosian            60     1   2  2  
 2 Jared Cowen              Johnny Oduya             40     1   2  2  

Last Minutes Offensive
   Center                   Left Wing                Right Wing               Defense                  Defense                  
   Jonathan Toews           Loui Eriksson            Jarome Iginla            Dion Phaneuf             Zach Bogosian            

Last Minutes Defensive
   Center                   Left Wing                Right Wing               Defense                  Defense                  
   Jonathan Toews           Loui Eriksson            Jarome Iginla            Dion Phaneuf             Zach Bogosian            

Goaltenders
Starting : Steve Mason              
Backup : Jacob Markstrom          

Extra Forwards
Normal : Zack Kassian, Michael Grabner, Dave Bolland - PP : Zack Kassian, Michael Grabner - PK : Dave Bolland
Extra Defensemen
Normal : John-Michael Liles, Connor Murphy, Jared Cowen - PP : John-Michael Liles - PK : Connor Murphy, Jared Cowen
Penalty Shots
Jonathan Toews, Jarome Iginla, Kyle Turris, Phil Kessel, Loui Eriksson

% Time on Ice - Blues

Lines # - Real PCT - Wanted PCT - Time Play
Normal Forward
1 - 32% - 32% - 9:41
2 - 23% - 32% - 6:49
3 - 26% - 22% - 7:45
4 - 19% - 14% - 5:50
Normal Defense
1 - 41% - 33% - 12:22
2 - 29% - 31% - 8:37
3 - 25% - 24% - 7:31
4 - 5% - 12% - 1:35
PP Forward
1 - 49% - 50% - 7:51
2 - 51% - 50% - 8:18
PP Defense
1 - 48% - 50% - 7:49
2 - 52% - 50% - 8:20
PK Forward
1 - 50% - 50% - 6:29
2 - 50% - 50% - 6:29
PK Defense
1 - 52% - 50% - 6:44
2 - 48% - 50% - 6:14
PK3 Forward
1 - 0% - 50% - 0:00
2 - 100% - 50% - 0:10
PK3 Defense
1 - 100% - 50% - 0:10
2 - 0% - 50% - 0:00
44 Forward
1 - 79% - 50% - 0:30
2 - 21% - 50% - 0:08
44 Defense
1 - 100% - 50% - 0:38
2 - 0% - 50% - 0:00
Last Minute Offensive  - 0:00
Last Minute Defensive  - 0:00
Total
Forward - 60:00
Defense - 60:00

% Time on Ice - Senators

Lines # - Real PCT - Wanted PCT - Time Play
Normal Forward
1 - 23% - 35% - 7:02
2 - 33% - 30% - 9:48
3 - 33% - 22% - 9:48
4 - 11% - 13% - 3:27
Normal Defense
1 - 37% - 35% - 11:01
2 - 34% - 30% - 10:08
3 - 30% - 22% - 8:56
4 - 0% - 13% - 0:00
PP Forward
1 - 53% - 60% - 6:54
2 - 47% - 40% - 6:14
PP Defense
1 - 47% - 60% - 6:13
2 - 53% - 40% - 6:55
PK Forward
1 - 72% - 60% - 11:14
2 - 28% - 40% - 4:21
PK Defense
1 - 69% - 60% - 10:43
2 - 31% - 40% - 4:52
PK3 Forward
1 - 100% - 60% - 0:34
2 - 0% - 40% - 0:00
PK3 Defense
1 - 0% - 60% - 0:00
2 - 100% - 40% - 0:34
44 Forward
1 - 100% - 60% - 0:38
2 - 0% - 40% - 0:00
44 Defense
1 - 100% - 60% - 0:38
2 - 0% - 40% - 0:00
Last Minute Offensive  - 0:00
Last Minute Defensive  - 0:00
Total
Forward - 60:00
Defense - 60:00

Play by Play

1st period


0:01 of 1st period - Sean Couturier wins face-off versus Jonathan Toews in neutral zone.
0:08 of 1st period - Wrist shot by Rick Nash.
0:08 of 1st period - Stopped by Steve Mason without a rebound.
0:09 of 1st period - Sean Couturier wins face-off versus Loui Eriksson in Senators zone.
0:25 of 1st period - Dion Phaneuf is hit by Mark Stone.
0:39 of 1st period - Snap shot by Jonathan Toews.
0:39 of 1st period - Shot Blocked by Sean Couturier.
0:41 of 1st period - Slapshot by Dion Phaneuf.
0:41 of 1st period - Shot Blocked by Kris Letang.
0:43 of 1st period - Snap shot by Jarome Iginla.
0:43 of 1st period - Stopped by Henrik Lundqvist without a rebound.
0:44 of 1st period - Boone Jenner wins face-off versus Artem Anisimov in Blues zone.
0:58 of 1st period - Minor Penalty to Josh Gorges for Hooking.
0:59 of 1st period - Jonathan Toews wins face-off versus Artem Anisimov in Blues zone.
2:03 of 1st period - Rick Nash is hit by Zach Bogosian and loses puck.
2:47 of 1st period - Minor Penalty to Sean Couturier for Holding.
2:48 of 1st period - Kyle Turris wins face-off versus Scott Laughton in Blues zone.
2:58 of 1st period - Penalty to Josh Gorges is over, Josh Gorges is back on ice.
2:59 of 1st period - Snap shot by Boone Jenner.
2:59 of 1st period - Shot Misses the Net.
4:47 of 1st period - Penalty to Sean Couturier is over, Sean Couturier is back on ice.
5:25 of 1st period - Slapshot by John-Michael Liles.
5:25 of 1st period - Stopped by Henrik Lundqvist with a rebound.
5:27 of 1st period - Wrist shot by Kyle Chipchura.
5:27 of 1st period - Stopped by Henrik Lundqvist with a rebound.
5:43 of 1st period - John-Michael Liles is hit by Josh Gorges and loses puck.
5:50 of 1st period - Slapshot by Connor Murphy.
5:50 of 1st period - Shot Blocked by Josh Gorges.
5:52 of 1st period - Snap shot by Zack Kassian.
5:52 of 1st period - Deflect By Tomas Jurco.
5:52 of 1st period - Stopped by Henrik Lundqvist with a rebound.
5:54 of 1st period - Slapshot by Jared Cowen.
5:54 of 1st period - Stopped by Henrik Lundqvist with a rebound.
5:56 of 1st period - Slapshot by Johnny Oduya.
5:56 of 1st period - Deflect By Josh Gorges.
5:56 of 1st period - Stopped by Henrik Lundqvist with a rebound.
5:58 of 1st period - Slapshot by Johnny Oduya.
5:58 of 1st period - Shot Blocked by Jeremy Morin.
6:00 of 1st period - Slapshot by Jared Cowen.
6:00 of 1st period - Shot Blocked by Hampus Lindholm.
6:02 of 1st period - Slapshot by Johnny Oduya.
6:02 of 1st period - Shot Blocked by Hampus Lindholm.
6:04 of 1st period - Slapshot by Johnny Oduya.
6:04 of 1st period - Shot Misses the Net.
7:13 of 1st period - Mark Fayne is hit by Dave Bolland and loses puck.
7:36 of 1st period - Snap shot by Phil Kessel.
7:36 of 1st period - Deflect By Boone Jenner.
7:36 of 1st period - Shot Hit the Post.
7:36 of 1st period - Puck is out of play.
7:37 of 1st period - Artem Anisimov wins face-off versus Kyle Turris in Blues zone.
8:12 of 1st period - Loui Eriksson is hit by Zdeno Chara and loses puck.
8:51 of 1st period - Minor Penalty to Ryan Ellis for Holding.
8:52 of 1st period - Jonathan Toews wins face-off versus Artem Anisimov in Blues zone.
9:43 of 1st period - Sean Couturier is hit by Loui Eriksson and loses puck.
9:56 of 1st period - Backhand shot by Sean Couturier.
9:56 of 1st period - Shot Misses the Net.
9:58 of 1st period - Slapshot by Hampus Lindholm.
9:58 of 1st period - Shot Misses the Net.
10:12 of 1st period - Minor Penalty to Jarome Iginla for Holding.
10:13 of 1st period - Jonathan Toews wins face-off versus Anders Lee in Senators zone.
10:20 of 1st period - Slapshot by Jonathan Toews.
10:20 of 1st period - Deflect By Zack Kassian.
10:20 of 1st period - Goal by Zack Kassian - Blues : 0 - Senators : 1.
10:21 of 1st period - Jonathan Toews wins face-off versus Artem Anisimov in neutral zone.
10:26 of 1st period - Snap shot by Zach Bogosian.
10:26 of 1st period - Shot Misses the Net.
10:30 of 1st period - Slapshot by Dion Phaneuf.
10:30 of 1st period - Stopped by Henrik Lundqvist with a rebound.
10:32 of 1st period - Wrist shot by Jonathan Toews.
10:32 of 1st period - Shot Misses the Net.
10:34 of 1st period - Slapshot by Zach Bogosian.
10:34 of 1st period - Stopped by Henrik Lundqvist with a rebound.
10:51 of 1st period - Penalty to Ryan Ellis is over, Ryan Ellis is back on ice.
10:58 of 1st period - Snap shot by Mark Stone.
10:58 of 1st period - Shot Misses the Net.
11:00 of 1st period - Snap shot by Kris Letang.
11:00 of 1st period - Stopped by Steve Mason with a rebound.
11:02 of 1st period - Backhand shot by Mark Fayne.
11:02 of 1st period - Shot Blocked by Zack Kassian.
11:04 of 1st period - Wrist shot by Kris Letang.
11:04 of 1st period - Stopped by Steve Mason with a rebound.
11:06 of 1st period - Slapshot by Kris Letang.
11:06 of 1st period - Stopped by Steve Mason without a rebound.
11:07 of 1st period - Anders Lee wins face-off versus Dave Bolland in Senators zone.
11:22 of 1st period - Wrist shot by Brandon Saad.
11:22 of 1st period - Shot Misses the Net.
11:24 of 1st period - Slapshot by Cam Atkinson.
11:24 of 1st period - Shot Misses the Net.
11:36 of 1st period - Snap shot by Anders Lee.
11:36 of 1st period - Shot Misses the Net.
11:38 of 1st period - Slapshot by Ryan Ellis.
11:38 of 1st period - Shot Misses the Net.
11:42 of 1st period - Snap shot by Anders Lee.
11:42 of 1st period - Stopped by Steve Mason with a rebound.
11:44 of 1st period - Wrist shot by Anders Lee.
11:44 of 1st period - Deflect By Tomas Tatar.
11:44 of 1st period - Shot Misses the Net.
11:44 of 1st period - Puck is out of play.
11:45 of 1st period - Sean Couturier wins face-off versus Jonathan Toews in Senators zone.
11:48 of 1st period - Slapshot by Rick Nash.
11:48 of 1st period - Goal by Rick Nash - Blues : 1 - Senators : 1.
11:49 of 1st period - Kyle Turris wins face-off versus Sean Couturier in neutral zone.
12:02 of 1st period - Slapshot by Rick Nash.
12:02 of 1st period - Shot Misses the Net.
12:04 of 1st period - Snap shot by Rick Nash.
12:04 of 1st period - Stopped by Steve Mason without a rebound.
12:05 of 1st period - Kyle Turris wins face-off versus Sean Couturier in Senators zone.
12:52 of 1st period - Wrist shot by Dave Bolland.
12:52 of 1st period - Shot Misses the Net.
12:58 of 1st period - Johnny Oduya is hit by Artem Anisimov and loses puck.
13:08 of 1st period - Snap shot by Josh Gorges.
13:08 of 1st period - Deflect By Tomas Tatar.
13:08 of 1st period - Deflect By Michael Grabner.
13:08 of 1st period - Shot Misses the Net.
13:08 of 1st period - Puck is out of play.
13:09 of 1st period - Jonathan Toews wins face-off versus Anders Lee in Senators zone.
13:25 of 1st period - Snap shot by Jonathan Toews.
13:25 of 1st period - Deflect By Jarome Iginla.
13:25 of 1st period - Shot Misses the Net.
13:25 of 1st period - Puck is out of play.
13:26 of 1st period - Jonathan Toews wins face-off versus Anders Lee in Blues zone.
13:37 of 1st period - Snap shot by Cam Atkinson.
13:37 of 1st period - Stopped by Steve Mason with a rebound.
13:39 of 1st period - Snap shot by Anders Lee.
13:39 of 1st period - Shot Misses the Net.
13:41 of 1st period - Snap shot by Mark Fayne.
13:41 of 1st period - Deflect By Jonathan Toews.
13:41 of 1st period - Stopped by Steve Mason without a rebound.
13:42 of 1st period - Kyle Turris wins face-off versus Artem Anisimov in Senators zone.
13:44 of 1st period - Minor Penalty to Connor Murphy for Holding Stick.
13:45 of 1st period - Sean Couturier wins face-off versus Jarome Iginla in Senators zone.
13:55 of 1st period - Slapshot by Rick Nash.
13:55 of 1st period - Deflect By Mark Stone.
13:55 of 1st period - Stopped by Steve Mason with a rebound.
14:11 of 1st period - Snap shot by Mark Stone.
14:11 of 1st period - Shot Blocked by Zach Bogosian.
14:41 of 1st period - Dion Phaneuf is hit by Brandon Saad and loses puck.
15:01 of 1st period - Wrist shot by Anders Lee.
15:01 of 1st period - Shot Misses the Net.
15:09 of 1st period - Major Penalty to Jarome Iginla for Boarding.
15:10 of 1st period - Jonathan Toews wins face-off versus Mark Stone in Senators zone.
15:28 of 1st period - Slapshot by Cam Atkinson.
15:28 of 1st period - Shot Blocked by Johnny Oduya.
15:44 of 1st period - Penalty to Connor Murphy is over, Connor Murphy is back on ice.
16:12 of 1st period - Kris Letang is hit by Johnny Oduya and loses puck.
17:05 of 1st period - Wrist shot by Rick Nash.
17:05 of 1st period - Shot Misses the Net.
17:07 of 1st period - Slapshot by Artem Anisimov.
17:07 of 1st period - Shot Blocked by Boone Jenner.
17:09 of 1st period - Snap shot by Artem Anisimov.
17:09 of 1st period - Deflect By Rick Nash.
17:09 of 1st period - Goal by Rick Nash - Blues : 2 - Senators : 1.
17:10 of 1st period - Kyle Turris wins face-off versus Anders Lee in neutral zone.
17:19 of 1st period - Snap shot by Phil Kessel.
17:19 of 1st period - Shot Blocked by Ryan Ellis.
17:39 of 1st period - Wrist shot by Mark Stone.
17:39 of 1st period - Shot Misses the Net.
17:41 of 1st period - Slapshot by Rick Nash.
17:41 of 1st period - Shot Blocked by Jared Cowen.
17:43 of 1st period - Slapshot by Ryan Ellis.
17:43 of 1st period - Goal by Ryan Ellis - Blues : 3 - Senators : 1.
17:44 of 1st period - Brandon Saad wins face-off versus Jonathan Toews in neutral zone.
17:47 of 1st period - Dion Phaneuf is hit by Kris Letang and loses puck.
18:10 of 1st period - Dion Phaneuf is hit by Kris Letang and loses puck.
18:45 of 1st period - Boone Jenner is hit by Rick Nash and loses puck.
19:10 of 1st period - Ryan Ellis is hit by Jonathan Toews and loses puck.
19:39 of 1st period - Kyle Turris is hit by Sean Couturier and loses puck.
19:44 of 1st period - Snap shot by Mark Stone.
19:44 of 1st period - Shot Misses the Net.
19:46 of 1st period - Wrist shot by Mark Stone.
19:46 of 1st period - Shot Misses the Net.
Goals for this period are 3 for Blues vs 1 for Senators.
Shots for this period are 12 for Blues vs 9 for Senators.

2nd period


0:01 of 2nd period - Jonathan Toews wins face-off versus Anders Lee in neutral zone.
0:09 of 2nd period - Penalty to Jarome Iginla is over, Jarome Iginla is back on ice.
0:14 of 2nd period - Snap shot by Tomas Tatar.
0:14 of 2nd period - Deflect By Anders Lee.
0:14 of 2nd period - Stopped by Steve Mason with a rebound.
0:16 of 2nd period - Snap shot by Tomas Tatar.
0:16 of 2nd period - Shot Misses the Net.
0:18 of 2nd period - Slapshot by Artem Anisimov.
0:18 of 2nd period - Stopped by Steve Mason with a rebound.
0:56 of 2nd period - Wrist shot by Rick Nash.
0:56 of 2nd period - Deflect By Mark Stone.
0:56 of 2nd period - Shot Misses the Net.
0:56 of 2nd period - Puck is out of play.
0:57 of 2nd period - Kyle Turris wins face-off versus Sean Couturier in Senators zone.
1:26 of 2nd period - Slapshot by Mark Stone.
1:26 of 2nd period - Deflect By Phil Kessel.
1:26 of 2nd period - Stopped by Steve Mason without a rebound.
1:27 of 2nd period - Anders Lee wins face-off versus Dave Bolland in Senators zone.
1:32 of 2nd period - Slapshot by Cam Atkinson.
1:32 of 2nd period - Shot Misses the Net.
1:34 of 2nd period - Snap shot by Johan Franzen.
1:34 of 2nd period - Stopped by Steve Mason with a rebound.
1:36 of 2nd period - Snap shot by Cam Atkinson.
1:36 of 2nd period - Stopped by Steve Mason without a rebound.
1:37 of 2nd period - Johan Franzen wins face-off versus Dave Bolland in Senators zone.
1:42 of 2nd period - Slapshot by Cam Atkinson.
1:42 of 2nd period - Stopped by Steve Mason without a rebound.
1:43 of 2nd period - Dave Bolland wins face-off versus Anders Lee in Senators zone.
1:43 of 2nd period - Minor Penalty to Kyle Chipchura for Hooking.
1:44 of 2nd period - Sean Couturier wins face-off versus Jonathan Toews in Senators zone.
1:51 of 2nd period - Wrist shot by Rick Nash.
1:51 of 2nd period - Shot Misses the Net.
2:08 of 2nd period - Zach Bogosian is hit by Sean Couturier and loses puck.
2:17 of 2nd period - Snap shot by Rick Nash.
2:17 of 2nd period - Stopped by Steve Mason with a rebound.
2:19 of 2nd period - Snap shot by Mark Stone.
2:19 of 2nd period - Shot Misses the Net.
2:37 of 2nd period - Phil Kessel is hit by Tomas Tatar.
2:41 of 2nd period - Brandon Saad is hit by Johnny Oduya and loses puck.
2:50 of 2nd period - Jared Cowen is hit by Anders Lee and loses puck.
3:43 of 2nd period - Penalty to Kyle Chipchura is over, Kyle Chipchura is back on ice.
4:06 of 2nd period - Slapshot by Josh Gorges.
4:06 of 2nd period - Stopped by Steve Mason with a rebound.
4:22 of 2nd period - Wrist shot by Michael Grabner.
4:22 of 2nd period - Deflect By Kyle Chipchura.
4:22 of 2nd period - Stopped by Henrik Lundqvist without a rebound.
4:23 of 2nd period - Anders Lee wins face-off versus Kyle Turris in Blues zone.
4:32 of 2nd period - Snap shot by Cam Atkinson.
4:32 of 2nd period - Deflect By Johan Franzen.
4:32 of 2nd period - Stopped by Steve Mason without a rebound.
4:33 of 2nd period - Anders Lee wins face-off versus Kyle Turris in Senators zone.
5:10 of 2nd period - Snap shot by Michael Grabner.
5:10 of 2nd period - Deflect By Rick Nash.
5:10 of 2nd period - Shot Misses the Net.
5:10 of 2nd period - Puck is out of play.
5:11 of 2nd period - Rick Nash wins face-off versus Michael Grabner in Blues zone.
5:11 of 2nd period - Rick Nash is hit by Dave Bolland.
5:58 of 2nd period - Minor Penalty to Jonathan Toews for Hooking.
5:59 of 2nd period - Anders Lee wins face-off versus Jarome Iginla in Senators zone.
7:04 of 2nd period - Wrist shot by Phil Kessel.
7:04 of 2nd period - Deflect By Kyle Turris.
7:04 of 2nd period - Shot Misses the Net.
7:04 of 2nd period - Puck is out of play.
7:05 of 2nd period - Anders Lee wins face-off versus Kyle Turris in Blues zone.
7:18 of 2nd period - Wrist shot by Phil Kessel.
7:18 of 2nd period - Deflect By Kyle Turris.
7:18 of 2nd period - Shot Blocked by Tomas Tatar.
7:18 of 2nd period - Puck is out of play.
7:19 of 2nd period - Sean Couturier wins face-off versus Dave Bolland in Blues zone.
7:30 of 2nd period - Slapshot by Mark Stone.
7:30 of 2nd period - Shot Misses the Net.
7:32 of 2nd period - Snap shot by Sean Couturier.
7:32 of 2nd period - Shot Misses the Net.
7:58 of 2nd period - Penalty to Jonathan Toews is over, Jonathan Toews is back on ice.
9:18 of 2nd period - Minor Penalty to Jeremy Morin for Hooking.
9:19 of 2nd period - Sean Couturier wins face-off versus Kyle Turris in Blues zone.
10:05 of 2nd period - Snap shot by Jonathan Toews.
10:05 of 2nd period - Stopped by Henrik Lundqvist with a rebound.
10:07 of 2nd period - Slapshot by Zach Bogosian.
10:07 of 2nd period - Stopped by Henrik Lundqvist with a rebound.
10:09 of 2nd period - Snap shot by Jonathan Toews.
10:09 of 2nd period - Stopped by Henrik Lundqvist with a rebound.
10:11 of 2nd period - Slapshot by Dion Phaneuf.
10:11 of 2nd period - Shot Blocked by Kris Letang.
10:13 of 2nd period - Snap shot by Zach Bogosian.
10:13 of 2nd period - Shot Misses the Net.
10:15 of 2nd period - Wrist shot by Jarome Iginla.
10:15 of 2nd period - Deflect By Loui Eriksson.
10:15 of 2nd period - Stopped by Henrik Lundqvist with a rebound.
10:17 of 2nd period - Wrist shot by Jarome Iginla.
10:17 of 2nd period - Senators goal is going for a video replay.
10:17 of 2nd period - The goal is good.
10:17 of 2nd period - Goal by Jarome Iginla - Blues : 3 - Senators : 2.
10:18 of 2nd period - Dave Bolland wins face-off versus Scott Laughton in neutral zone.
10:37 of 2nd period - Snap shot by Michael Grabner.
10:37 of 2nd period - Shot Misses the Net.
10:45 of 2nd period - Backhand shot by Tomas Tatar.
10:45 of 2nd period - Shot Misses the Net.
10:47 of 2nd period - Snap shot by Josh Gorges.
10:47 of 2nd period - Deflect By Tomas Tatar.
10:47 of 2nd period - Shot Misses the Net.
10:47 of 2nd period - Puck is out of play.
10:48 of 2nd period - Kyle Turris wins face-off versus Sean Couturier in Senators zone.
11:34 of 2nd period - Minor Penalty to Johan Franzen for Hooking.
11:35 of 2nd period - Artem Anisimov wins face-off versus Jonathan Toews in Blues zone.
12:30 of 2nd period - Zach Bogosian is hit by Hampus Lindholm and loses puck.
13:26 of 2nd period - Brandon Saad is hit by Jared Cowen and loses puck.
13:33 of 2nd period - Boone Jenner is hit by Brandon Saad and loses puck.
13:34 of 2nd period - Penalty to Johan Franzen is over, Johan Franzen is back on ice.
14:12 of 2nd period - Wrist shot by Johan Franzen.
14:12 of 2nd period - Shot Misses the Net.
14:14 of 2nd period - Slapshot by Ryan Ellis.
14:14 of 2nd period - Shot Blocked by Jared Cowen.
14:32 of 2nd period - Dave Bolland is hit by Ryan Ellis and loses puck.
16:01 of 2nd period - Jarome Iginla is hit by Kris Letang and loses puck.
16:22 of 2nd period - Minor Penalty to Zach Bogosian for Hooking.
16:23 of 2nd period - Sean Couturier wins face-off versus Jonathan Toews in Senators zone.
16:59 of 2nd period - Connor Murphy is hit by Anders Lee and loses puck.
17:57 of 2nd period - Jared Cowen is hit by Anders Lee and loses puck.
18:22 of 2nd period - Penalty to Zach Bogosian is over, Zach Bogosian is back on ice.
19:04 of 2nd period - Wrist shot by Scott Laughton.
19:04 of 2nd period - Shot Blocked by Connor Murphy.
19:06 of 2nd period - Snap shot by Josh Gorges.
19:06 of 2nd period - Shot Blocked by Jonathan Toews.
19:08 of 2nd period - Slapshot by Josh Gorges.
19:08 of 2nd period - Shot Blocked by Tomas Jurco.
19:10 of 2nd period - Slapshot by Josh Gorges.
19:10 of 2nd period - Shot Blocked by Jonathan Toews.
19:12 of 2nd period - Slapshot by Scott Laughton.
19:12 of 2nd period - Stopped by Steve Mason without a rebound.
19:13 of 2nd period - Jonathan Toews wins face-off versus Sean Couturier in Senators zone.
19:13 of 2nd period - Jonathan Toews is hit by Mark Stone.
19:27 of 2nd period - Jared Cowen is hit by Ryan Ellis and loses puck.
Goals for this period are 0 for Blues vs 1 for Senators.
Shots for this period are 10 for Blues vs 6 for Senators.

3rd period


0:01 of 3rd period - Jonathan Toews wins face-off versus Artem Anisimov in neutral zone.
1:04 of 3rd period - Icing by Jared Cowen.
1:05 of 3rd period - Kyle Turris wins face-off versus Anders Lee in Senators zone.
2:08 of 3rd period - Minor Penalty to Jared Cowen for Tripping.
2:09 of 3rd period - Jonathan Toews wins face-off versus Anders Lee in Senators zone.
2:21 of 3rd period - Snap shot by Tomas Tatar.
2:21 of 3rd period - Goal by Tomas Tatar - Blues : 4 - Senators : 2.
2:22 of 3rd period - Jonathan Toews wins face-off versus Artem Anisimov in neutral zone.
2:40 of 3rd period - Minor Penalty to Dion Phaneuf for Interference.
2:41 of 3rd period - Jonathan Toews wins face-off versus Sean Couturier in Senators zone.
2:52 of 3rd period - Wrist shot by Mark Stone.
2:52 of 3rd period - Stopped by Steve Mason with a rebound.
2:58 of 3rd period - Backhand shot by Mark Stone.
2:58 of 3rd period - Shot Misses the Net.
3:18 of 3rd period - Slapshot by Mark Stone.
3:18 of 3rd period - Goal by Mark Stone - Blues : 5 - Senators : 2.
3:19 of 3rd period - Artem Anisimov wins face-off versus Kyle Turris in neutral zone.
3:38 of 3rd period - Slapshot by Tomas Tatar.
3:38 of 3rd period - Stopped by Steve Mason without a rebound.
3:39 of 3rd period - Kyle Turris wins face-off versus Artem Anisimov in Senators zone.
4:43 of 3rd period - Wrist shot by Jonathan Toews.
4:43 of 3rd period - Stopped by Henrik Lundqvist with a rebound.
4:59 of 3rd period - Wrist shot by Loui Eriksson.
4:59 of 3rd period - Stopped by Henrik Lundqvist without a rebound.
5:00 of 3rd period - Dave Bolland wins face-off versus Cam Atkinson in Blues zone.
5:03 of 3rd period - Snap shot by Michael Grabner.
5:03 of 3rd period - Deflect By Dave Bolland.
5:03 of 3rd period - Stopped by Henrik Lundqvist with a rebound.
5:19 of 3rd period - Slapshot by Johan Franzen.
5:19 of 3rd period - Stopped by Steve Mason without a rebound.
5:20 of 3rd period - Artem Anisimov wins face-off versus Dave Bolland in Senators zone.
5:21 of 3rd period - Snap shot by Brandon Saad.
5:21 of 3rd period - Shot Misses the Net.
5:36 of 3rd period - Snap shot by Dave Bolland.
5:36 of 3rd period - Shot Misses the Net.
6:10 of 3rd period - Snap shot by Loui Eriksson.
6:10 of 3rd period - Deflect By Jonathan Toews.
6:10 of 3rd period - Shot Blocked by Ryan Ellis.
6:10 of 3rd period - Puck is out of play.
6:11 of 3rd period - Kyle Turris wins face-off versus Sean Couturier in Blues zone.
6:20 of 3rd period - Wrist shot by Phil Kessel.
6:20 of 3rd period - Goal by Phil Kessel - Blues : 5 - Senators : 3.
6:21 of 3rd period - Sean Couturier wins face-off versus Jonathan Toews in neutral zone.
7:26 of 3rd period - Minor Penalty to Kris Letang for Hooking.
7:27 of 3rd period - Kyle Turris wins face-off versus Artem Anisimov in Blues zone.
9:26 of 3rd period - Penalty to Kris Letang is over, Kris Letang is back on ice.
9:48 of 3rd period - Snap shot by Michael Grabner.
9:48 of 3rd period - Stopped by Henrik Lundqvist with a rebound.
9:50 of 3rd period - Wrist shot by Connor Murphy.
9:50 of 3rd period - Shot Misses the Net.
9:52 of 3rd period - Backhand shot by John-Michael Liles.
9:52 of 3rd period - Stopped by Henrik Lundqvist with a rebound.
9:54 of 3rd period - Slapshot by Dave Bolland.
9:54 of 3rd period - Stopped by Henrik Lundqvist with a rebound.
9:56 of 3rd period - Slapshot by Kyle Chipchura.
9:56 of 3rd period - Shot Misses the Net.
9:58 of 3rd period - Backhand shot by Connor Murphy.
9:58 of 3rd period - Deflect By Dave Bolland.
9:58 of 3rd period - Stopped by Henrik Lundqvist without a rebound.
9:59 of 3rd period - Jonathan Toews wins face-off versus Scott Laughton in Blues zone.
10:53 of 3rd period - Minor Penalty to Zdeno Chara for Hooking.
10:54 of 3rd period - Sean Couturier wins face-off versus Boone Jenner in Blues zone.
10:54 of 3rd period - Sean Couturier is hit by Boone Jenner.
12:00 of 3rd period - Loui Eriksson is hit by Artem Anisimov and loses puck.
12:07 of 3rd period - Artem Anisimov is hit by Jarome Iginla and loses puck.
12:18 of 3rd period - Johnny Oduya is hit by Josh Gorges and loses puck.
12:53 of 3rd period - Penalty to Zdeno Chara is over, Zdeno Chara is back on ice.
13:17 of 3rd period - Backhand shot by Dave Bolland.
13:17 of 3rd period - Stopped by Henrik Lundqvist without a rebound.
13:18 of 3rd period - Dave Bolland wins face-off versus Anders Lee in Blues zone.
13:25 of 3rd period - Backhand shot by Michael Grabner.
13:25 of 3rd period - Shot Misses the Net.
13:27 of 3rd period - Wrist shot by Kyle Chipchura.
13:27 of 3rd period - Stopped by Henrik Lundqvist without a rebound.
13:28 of 3rd period - Dave Bolland wins face-off versus Anders Lee in Blues zone.
14:27 of 3rd period - Jeremy Morin is hit by Zach Bogosian and loses puck.
15:22 of 3rd period - Snap shot by Loui Eriksson.
15:22 of 3rd period - Shot Misses the Net.
15:24 of 3rd period - Wrist shot by Loui Eriksson.
15:24 of 3rd period - Shot Misses the Net.
15:43 of 3rd period - Rick Nash is hit by Jared Cowen and loses puck.
16:17 of 3rd period - Minor Penalty to John-Michael Liles for Hooking.
16:18 of 3rd period - Jarome Iginla wins face-off versus Anders Lee in Senators zone.
16:40 of 3rd period - Slapshot by Anders Lee.
16:40 of 3rd period - Stopped by Steve Mason with a rebound.
16:42 of 3rd period - Slapshot by Artem Anisimov.
16:42 of 3rd period - Stopped by Steve Mason with a rebound.
16:44 of 3rd period - Slapshot by Kris Letang.
16:44 of 3rd period - Shot Misses the Net.
17:02 of 3rd period - Wrist shot by Mark Stone.
17:02 of 3rd period - Stopped by Steve Mason with a rebound.
17:04 of 3rd period - Slapshot by Rick Nash.
17:04 of 3rd period - Stopped by Steve Mason with a rebound.
17:10 of 3rd period - Wrist shot by Mark Stone.
17:10 of 3rd period - Shot Misses the Net.
17:20 of 3rd period - Zach Bogosian is hit by Ryan Ellis and loses puck.
17:46 of 3rd period - Kyle Turris is hit by Sean Couturier and loses puck.
18:09 of 3rd period - Wrist shot by Tomas Tatar.
18:09 of 3rd period - Stopped by Steve Mason with a rebound.
18:11 of 3rd period - Snap shot by Ryan Ellis.
18:11 of 3rd period - Shot Misses the Net.
18:13 of 3rd period - Slapshot by Cam Atkinson.
18:13 of 3rd period - Deflect By Anders Lee.
18:13 of 3rd period - Shot Misses the Net.
18:13 of 3rd period - Puck is out of play.
18:14 of 3rd period - Dave Bolland wins face-off versus Anders Lee in Senators zone.
18:17 of 3rd period - Penalty to John-Michael Liles is over, John-Michael Liles is back on ice.
18:56 of 3rd period - Minor Penalty to Johan Franzen for Hooking.
18:57 of 3rd period - Kyle Turris wins face-off versus Sean Couturier in Blues zone.
18:59 of 3rd period - Snap shot by Phil Kessel.
18:59 of 3rd period - Shot Misses the Net.
19:30 of 3rd period - Hampus Lindholm is hit by Jonathan Toews and loses puck.
Goals for this period are 2 for Blues vs 1 for Senators.
Shots for this period are 10 for Blues vs 10 for Senators.